 Dungeon Crawl Stone Soup version 0.25-a0-890-g62861fb (webtiles) character file.

Game seed: 9442822852322053708, levelgen mode: deterministic

642 Gnolledge the Magician (level 7, 0/52 HPs)
             Began as a Gnoll Wanderer on May 2, 2020.
             Succumbed to a worker ant's poison
             ... on level 4 of the Dungeon.
             The game lasted 00:11:54 (4952 turns).

Gnolledge the Magician (Gnoll Wanderer)             Turns: 4952, Time: 00:11:55

Health: 0/52       AC:  8    Str: 15    XL:     7   Next: 51%
Magic:  15/15      EV: 14    Int: 16    God:
Gold:   210        SH:  0    Dex: 12    Spells: 13/17 levels left

rFire    + . .     SeeInvis .   w - +1 hunting sling (vorpal)
rCold    + . .     Gourm    .   (no shield)
rNeg     . . .     Faith    .   c - +3 leather armour
rPois    .         Spirit   .   u - +0 helmet
rElec    .         Reflect  .   j - scarf {rC+ rF+}
rCorr    .         Harm     .   (no gloves)
MR       .....     Clarity  +   p - +0 pair of boots
Stlth    ++........             (no amulet)
HPRegen  0.17/turn              (no ring)
MPRegen  0.14/turn              (no ring)

@: brilliant, lethally poisoned (0 -> -6)
A: distributed training, fangs 1, clarity, dopey 1, strong nose
a: no special abilities


You were on level 4 of the Dungeon.
You were hungry.

You visited 1 branch of the dungeon, and saw 5 of its levels.

You collected 210 gold pieces.

Inventory:

Hand Weapons
 o - a +2 quarterstaff of chaos
 w - a +1 vorpal hunting sling (weapon)
Missiles
 a - 19 sling bullets
 g - 18 poisoned darts
 m - 74 stones (quivered)
Armour
 c - a +3 leather armour (worn)
 i - a +0 plate armour
 j - a scarf of resistance (worn)
 p - a +0 pair of boots (worn)
 t - a +0 cloak
 u - a +0 helmet (worn)
Wands
 e - a wand of polymorph (5)
 A - a wand of flame (9)
Scrolls
 f - 3 scrolls of enchant weapon
 l - 2 scrolls of enchant armour
 n - 3 scrolls of teleportation
 s - a scroll of remove curse
 y - a scroll of amnesia
Potions
 b - a potion of lignification
 h - 2 potions of cancellation
 k - 2 potions of brilliance
 q - 2 potions of magic
 r - 2 potions of invisibility {unknown}
 v - 2 potions of mutation
 x - 2 potions of flight {unknown}
Comestibles
 d - 16 rations


   Skills:
 + Level 3.6 Fighting
 + Level 2.5 Short Blades
 + Level 2.5 Long Blades
 + Level 2.5 Axes
 + Level 2.5 Maces & Flails
 + Level 2.5 Polearms
 + Level 2.5 Staves
 + Level 2.5 Slings
 + Level 2.5 Bows
 + Level 2.5 Crossbows
 + Level 2.5 Throwing
 + Level 2.5 Armour
 + Level 5.2 Dodging
 + Level 2.5 Stealth
 + Level 3.6 Shields
 + Level 5.2 Unarmed Combat
 + Level 5.6 Spellcasting
 + Level 2.0 Conjurations
 + Level 3.0 Hexes
 + Level 2.0 Charms
 + Level 2.0 Summonings
 + Level 2.0 Necromancy
 + Level 2.0 Translocations
 + Level 2.0 Transmutations
 + Level 2.0 Fire Magic
 + Level 2.0 Ice Magic
 + Level 2.0 Air Magic
 + Level 2.0 Earth Magic
 + Level 2.0 Poison Magic
 + Level 2.7 Invocations
 + Level 3.6 Evocations


You had 13 spell levels left.
You knew the following spells:

 Your Spells              Type           Power        Failure   Level  Hunger
c - Corona                Hex            ###....      4%          1    None
t - Tukima's Dance        Hex            ###.....     16%         3    None

Your spell library contained the following spells:

 Spells                   Type           Power        Failure   Level  Hunger
 Ensorcelled Hibernation  Hex/Ice        ###...       10%         2    None
 Confusing Touch          Hex            ###.....     16%         3    None
 Dazzling Flash           Conj/Hex       ###...       19%         3    None


Dungeon Overview and Level Annotations

Branches:
Dungeon (5/15)
 Temple: D:4-7

Altars:
Xom


Innate Abilities, Weirdness & Mutations

Your experience applies equally to all skills.
You have very sharp teeth.
Your uncanny sense of smell can sniff out nearby items.
You possess an exceptional clarity of mind.
You are dopey. (Int -2)


Message History

Aim: an ogre (moderately wounded)
You shoot a stone. The stone hits the ogre.
The ogre is heavily wounded.
* * * LOW HITPOINT WARNING * * *
You feel sick. The worker ant closely misses you.
The crimson imp closely misses you. The ogre closely misses you.
It was a potion of brilliance.
You feel clever all of a sudden.
* * * LOW HITPOINT WARNING * * *
You feel sick. The worker ant bites you.
* * * LOW HITPOINT WARNING * * *
The crimson imp hits you but does no damage.
The ogre closely misses you. The worker ant completely misses you.
It was a potion of magic.
Magic courses through your body. The crimson imp closely misses you.
The ogre misses you.
The worker ant bites you but does no damage.
It was a potion of mutation.
You feel extremely strange.
Your thoughts seem clearer.
You feel stupid.
You feel weaker.
You feel stronger.
You die...

#.#######.#.#
################.#.......#.#
#.†..............#.#######.#
######.#########.######.#.......#
...............#.# #.#.......#
###.....########.# #.#.......#
..............##.######.#......##
.....########.#aO5....#.#......#
###.........#.##@####.#.#......#
# #.........#.#######...##..####
#######.....#......#######.##
#....###....#####..# ###.#
...................# #...#
#....####.#........# #.###
#....####.#........# #.#
..............##.### #.#
#########..#####.#######.#


You could see an ogre, a worker ant and a crimson imp.

Vanquished Creatures
  An ogre (D:4)
  2 scorpions
  A crimson imp (D:5)
  2 hounds
  Terence (D:2)
  Crazy Yiuf (D:2)
  An orc wizard (D:3)
  A worker ant (D:4)
  Robin (D:2)
  7 gnolls (D:3)
  7 adders
  2 oozes
  A worm (D:3)
  3 dart slugs
  3 leopard geckos
  8 orcs (D:3)
  A ball python (D:2)
  6 giant cockroaches
  12 goblins
  11 hobgoblins
  4 jackals (D:2)
  4 quokkas
  7 bats
  6 frilled lizards
  A jackal skeleton (D:4)
  9 kobolds
  3 rats (D:3)
106 creatures vanquished.

Notes
Turn   | Place    | Note
-------+----------+-------------------------------------------
     0 | D:1      | Gnolledge the Gnoll Wanderer began the quest for the Orb.
     0 | D:1      | Gnolledge set off with the following items: a +0 club, a
                  | potion of lignification, a +2 leather armour, a ration
     0 | D:1      | Reached XP level 1. HP: 17/17 MP: 6/6
   510 | D:1      | Reached XP level 2. HP: 6/23 MP: 7/7
  1532 | D:2      | Reached XP level 3. HP: 26/28 MP: 9/9
  1541 | D:2      | Reached skill level 5 in Spellcasting
  1631 | D:2      | Found a shimmering altar of Xom.
  1631 | D:2      | Found a shimmering altar of Xom.
  1632 | D:2      | Found a shimmering altar of Xom.
  1642 | D:2      | Reached skill level 1 in Invocations
  1661 | D:2      | Found a shimmering altar of Xom.
  1741 | D:2      | Reached skill level 1 in Short Blades
  1741 | D:2      | Reached skill level 1 in Long Blades
  1741 | D:2      | Reached skill level 1 in Axes
  1741 | D:2      | Reached skill level 1 in Maces & Flails
  1741 | D:2      | Reached skill level 1 in Polearms
  1741 | D:2      | Reached skill level 1 in Staves
  1741 | D:2      | Reached skill level 1 in Slings
  1741 | D:2      | Reached skill level 1 in Bows
  1741 | D:2      | Reached skill level 1 in Crossbows
  1741 | D:2      | Reached skill level 1 in Throwing
  1741 | D:2      | Reached skill level 1 in Armour
  1741 | D:2      | Reached skill level 1 in Stealth
  1741 | D:2      | Reached XP level 4. HP: 26/34 MP: 11/11
  1929 | D:2      | Found a runed translucent door.
  1930 | D:2      | Noticed Crazy Yiuf
  1949 | D:2      | Killed Crazy Yiuf
  2057 | D:2      | Noticed Robin
  2074 | D:2      | Reached skill level 1 in Conjurations
  2074 | D:2      | Reached skill level 1 in Charms
  2074 | D:2      | Reached skill level 1 in Summonings
  2074 | D:2      | Reached skill level 1 in Necromancy
  2074 | D:2      | Reached skill level 1 in Translocations
  2074 | D:2      | Reached skill level 1 in Transmutations
  2074 | D:2      | Reached skill level 1 in Fire Magic
  2074 | D:2      | Reached skill level 1 in Ice Magic
  2074 | D:2      | Reached skill level 1 in Air Magic
  2074 | D:2      | Reached skill level 1 in Earth Magic
  2074 | D:2      | Reached skill level 1 in Poison Magic
  2088 | D:2      | Killed Robin
  2294 | D:2      | Noticed Terence
  2315 | D:2      | Killed Terence
  2315 | D:2      | Reached XP level 5. HP: 40/40 MP: 12/12
  2498 | D:2      | Found a shimmering altar of Xom.
  3373 | D:3      | Reached XP level 6. HP: 40/47 MP: 13/13
  3905 | D:3      | Reached skill level 5 in Dodging
  3905 | D:3      | Reached skill level 5 in Unarmed Combat
  4156 | D:4      | You fall into a shaft and drop 1 floor!
  4156 | D:5      | Entered Level 5 of the Dungeon
  4205 | D:4      | Learned a level 1 spell: Corona
  4209 | D:4      | Learned a level 3 spell: Tukima's Dance
  4463 | D:4      | Reached XP level 7. HP: 47/52 MP: 15/15
  4950 | D:4      | HP: 1/52 [worker ant (4)]
  4952 | D:4      | Gained mutation: You possess an exceptional clarity of
                  | mind. [potion of mutation]
  4952 | D:4      | Gained mutation: You are dopey. (Int -2) [potion of
                  | mutation]
  4952 | D:4      | Gained mutation: You are weak. (Str -2) [potion of
                  | mutation]
  4952 | D:4      | Lost mutation: You are weak. (Str -2) [potion of mutation]
  4952 | D:4      | Succumbed to a worker ant's poison

Levels and vault maps discovered:
D:1:      dpeg_arrival_boxes_within_box, layout_basic, hangedman_decor_push,
          kennysheep_pointless_box, serial_bayou_lagoon_a,
          chequers_serial_rivers_micro_b, chequers_hall_statues_corner_a
D:2:      layout_rooms, xom_redecorated, minmay_misc_feat_ornament, uniq_robin,
          uniq_terence, uniq_crazy_yiuf_cottage
D:3:      layout_basic, first_ration, minmay_tree_intersection
D:4:      layout_basic, serial_co_window_serial, co_window_paths_a,
          co_window_of_opportunity_a, co_window_paths_b, co_window_corner_a,
          co_window_paths_b, co_window_unsneaky_path_e, co_window_corner_cb,
          co_window_corner_ca, glass_columns_a, glass_columns_a, glass_columns_a
D:5:      layout_layer_cave, temple_pool_b, basic_altar, uniq_edmund

Skill      XL: |  1  2  3  4  5  6  7 |
---------------+----------------------+-----
Hexes          | 2 3 |  3.0
Spellcasting   | 5 |  5.6
Invocations    | 1 2 |  2.7
Short Blades   | 1 2 |  2.5
Long Blades    | 1 2 |  2.5
Axes           | 1 2 |  2.5
Maces & Flails | 1 2 |  2.5
Polearms       | 1 2 |  2.5
Staves         | 1 2 |  2.5
Slings         | 1 2 |  2.5
Bows           | 1 2 |  2.5
Crossbows      | 1 2 |  2.5
Throwing       | 1 2 |  2.5
Armour         | 1 2 |  2.5
Stealth        | 1 2 |  2.5
Conjurations   | 1 2 |  2.0
Charms         | 1 2 |  2.0
Summonings     | 1 2 |  2.0
Necromancy     | 1 2 |  2.0
Translocations | 1 2 |  2.0
Transmutations | 1 2 |  2.0
Fire Magic     | 1 2 |  2.0
Ice Magic      | 1 2 |  2.0
Air Magic      | 1 2 |  2.0
Earth Magic    | 1 2 |  2.0
Poison Magic   | 1 2 |  2.0
Fighting       | 3 |  3.6
Shields        | 3 |  3.6
Evocations     | 3 |  3.6
Dodging        | 5 |  5.2
Unarmed Combat | 5 |  5.2

Action                   |  1- 3 |  4- 6 |  7- 9 || total
-------------------------+-------+-------+-------++-------
Melee: Club              |    28 |       |       ||    28
       Unarmed           |    90 |     5 |       ||    95
       Bite              |    10 |     4 |       ||    14
       Quarterstaff      |       |    75 |       ||    75
 Fire: Hunting sling     |       |   168 |    65 ||   233
Throw: Dart              |    10 |     3 |       ||    13
Evoke: Wand              |       |       |     2 ||     2
  Use: Scroll            |       |     9 |       ||     9
       Potion            |       |       |     3 ||     3
 Stab: Sleeping          |     4 |       |       ||     4
  Eat: Chunk             |     3 |     7 |     2 ||    12
Armor: Leather armour    |    20 |    63 |    19 ||   102
       Plate armour      |    24 |       |       ||    24
Dodge: Dodged            |    54 |   126 |    61 ||   241

Table legend:
 A = Non-vault XP
 B = Vault XP
 C = Vault XP percentage of total XP
 D = Non-vault monster count
 E = Vault monster count
 F = Vault count percentage of total count
                 A         B        C        D         E       F
            +---------+---------+-------+---------+---------+-------
      Total |     810 |     108 |  11.8 |      93 |      13 |  12.3
            +---------+---------+-------+---------+---------+-------
        D:1 |      27 |       0 |   0.0 |      15 |       0 |   0.0
        D:2 |      86 |     108 |  55.7 |      25 |      13 |  34.2
        D:3 |     234 |       0 |   0.0 |      39 |       0 |   0.0
        D:4 |     301 |       0 |   0.0 |       9 |       0 |   0.0
        D:5 |     162 |       0 |   0.0 |       5 |       0 |   0.0
            +---------+---------+-------+---------+---------+-------
